 Dungeon Sprint DCSS version 0.30-a0-475-g03497ec522 (webtiles) character file.

Game seed: 18324134128573568955

4249 rocky1 the Fencer (level 10, -7/86 HPs)
             Began as a Merfolk Gladiator on Dec 21, 2022.
             Was an Initiate of Gozag.
             Mangled by a tyrant leech (22 damage)
             ... in the Dungeon (Sprint III: "The Ten Rune Challenge").
             The game lasted 00:06:56 (2188 turns).

rocky1 the Fencer (Merfolk Gladiator)               Turns: 2188, Time: 00:06:57

Health: -7/86      AC:  4    Str: 15    XL:     10   Next: 31%
Magic:  15/17      EV: 20    Int:  8    God:    Gozag
Gold:   1078       SH:  0    Dex: 19    Spells: 15/18 levels left

rFire   . . .      SeeInvis .    a - +2 long sword (holy)
rCold   . . .      Faith    .    (no shield)
rNeg    . . .      Spirit   .    j - +0 leather armour
rPois   .          Reflect  .    c - +0 helmet
rElec   .          Harm     .    (no cloak)
rCorr   .          Rampage  .    (no gloves)
Will    .....      NoTele   +    (no boots)
Stlth   +++++.....               (no amulet)
HPRegen 0.34/turn                (no ring)
MPRegen 0.15/turn                (no ring)

@: no status effects
A: (nimble swimmer 2), mertail
a: Renounce Religion, Potion Petition, Call Merchant, Bribe Branch


You were in the Dungeon.
You worshipped Gozag.
Gozag was most pleased with you.
You visited 1 branch You collected 2012 gold pieces.
You spent 476 gold pieces at shops.
You paid 458 gold pieces to Gozag.

Inventory:

Hand Weapons
 a - a +2 long sword of holy wrath (weapon)
 b - a +0 dagger
 m - a +0 long sword
Missiles
 e - a javelin (quivered)
Armour
 c - a +0 helmet (worn)
 h - a +4 ring mail of fire resistance
 j - a +0 leather armour (worn)
Scrolls
 k - a scroll of blinking
 l - a scroll of poison {unknown}
 o - a scroll of torment
Potions
 d - 3 potions of mutation
 i - 2 potions of magic
 n - 3 potions of flight
Miscellaneous
 r - a phantom mirror


   Skills:
 - Level 10.7 Fighting
 - Level 9.4(14.0) Short Blades
 - Level 16.4(17.3) Long Blades
 - Level 2.0 Throwing
 - Level 12.9 Dodging
 - Level 11.3 Stealth
 + Level 4.6 Spellcasting
 + Level 5.6 Ice Magic


You had 15 spell levels left.
You knew the following spells:

 Your Spells              Type           Power      Damage    Failure   Level
a - Frozen Ramparts       Ice            20%        1d4       10%         3

Your spell library contained the following spells:

 Spells                   Type           Power      Damage    Failure   Level
 Freeze                   Ice            40%        1d6       3%          1
 Ensorcelled Hibernation  Hex/Ice        12%        N/A       16%         2
 Hailstorm                Conj/Ice       6%         3d4       30%         3
 Passwall                 Tmut/Erth      0%         N/A       45%         2
 Swiftness                Air            1%         N/A       69%         3


Dungeon Overview and Level Annotations

Branches:
Dungeon (1/1)

Altars:
Cheibriados
Dithmenos
Elyvilon
Fedhas
Gozag
Hepliaklqana
Kikubaaqudgha
Makhleb
Nemelex Xobeh
Okawaru
Qazlal
Ru
Sif Muna
Trog
Uskayaw
Vehumet
Wu Jian
Xom
Yredelemnul
Zin
The Shining One
Jiyva
Lugonu

Shops:
D [


Innate Abilities, Weirdness & Mutations

((You are very nimble when in or above water. (Stealth+, EV+, Speed+++)))
Your lower body shifts to a powerful aquatic tail in water.


Message History

The tyrant leech bites you.
The tyrant leech draws strength from your injuries!
You miss the tyrant leech.
The tyrant leech is lightly wounded.
You hit the tyrant leech but do no damage.
The tyrant leech is lightly wounded.
The wall freezes the tyrant leech but does no damage.
The tyrant leech misses you.
You hit the tyrant leech.
The tyrant leech is lightly wounded.
You closely miss the tyrant leech.
The tyrant leech is lightly wounded.
The wall freezes the tyrant leech.
The tyrant leech bites you.
The tyrant leech draws strength from your injuries!
You barely miss the tyrant leech.
The tyrant leech is lightly wounded.
The wall freezes the tyrant leech but does no damage.
The tyrant leech bites you!!
The tyrant leech draws strength from your injuries!
You miss the tyrant leech. You slice the tyrant leech!!
The tyrant leech is moderately wounded.
The wall freezes the tyrant leech but does no damage.
The tyrant leech bites you!
* * * LOW HITPOINT WARNING * * *
The tyrant leech draws strength from your injuries!
You slice the tyrant leech!!
The tyrant leech is heavily wounded.
Okay, then.
You miss the tyrant leech.
The tyrant leech is heavily wounded.
The wall freezes the tyrant leech.
The tyrant leech misses you.
You closely miss the tyrant leech.
The tyrant leech is heavily wounded.
The frozen ramparts melt away.
You slash the tyrant leech!
The tyrant leech is severely wounded.
The tyrant leech bites you!!
You die...
Your body crumbles into a pile of gold.

.
####....#___#__'...#.).#..#..##
▓ ▓▓▓▓▓▓▓▓▓▓▓▓▓▓▓▓▓▓▓▓▓▓▓▓▓▓▓▓
♣♣~~~....∩[..~~~.
+♣♣'♣≈≈≈≈≈≈≈≈≈≈≈≈♣♣
#.~♣♣♣♣♣♣♣♣♣♣♣♣♣♣♣♣ #..♣♣ ♣
###'♣ ♣♣♣♣$# ♣.w@## ♣♣.## ♣..
♣♣.# .# .. ##


You could see a tyrant leech.

Vanquished Creatures
  Erolcha (D)
  A deep elf pyromancer (D)
  2 cane toads (D)
  A komodo dragon (D)
  3 wandering mushrooms (D)
  A shadow (D)
  A spatial vortex (D)
  3 redbacks (D)
  5 two-headed ogres (D)
  A necrophage (D)
  A scorpion (D)
  A water elemental (D)
  A jelly (D)
  A wizard (D)
  A necromancer (D)
  3 humans (D)
  A kobold demonologist (D)
  An endoplasm (D)
  3 rats (D)
32 creatures vanquished.

Notes
Turn   | Place    | Note
-------+----------+-------------------------------------------
     0 | D        | rocky1 the Merfolk Gladiator began the quest for the Orb.
     0 | D        | Reached XP level 1. HP: 16/16 MP: 1/1
    11 | D        | Reached skill level 4 in Long Blades
    33 | D        | Reached skill level 5 in Long Blades
    99 | D        | Reached skill level 7 in Long Blades
    99 | D        | Reached XP level 2. HP: 6/22 MP: 2/2
   270 | D        | Noticed a scorpion
   285 | D        | Killed a scorpion
   286 | D        | Reached skill level 10 in Long Blades
   286 | D        | Reached XP level 3. HP: 19/27 MP: 3/3
   286 | D        | Reached XP level 4. HP: 24/33 MP: 4/4
   343 | D        | Noticed a water elemental
   352 | D        | Killed a water elemental
   353 | D        | Reached skill level 12 in Long Blades
   353 | D        | Reached XP level 5. HP: 29/38 MP: 5/5
   527 | D        | Noticed a shadow
   537 | D        | Killed a shadow
   538 | D        | Reached skill level 13 in Long Blades
   538 | D        | Reached XP level 6. HP: 34/50 MP: 6/6
   542 | D        | Reached skill level 5 in Fighting
   721 | D        | Found a blossoming altar of Fedhas.
   721 | D        | Found a stormy altar of Qazlal.
   721 | D        | Found a snail-covered altar of Cheibriados.
   721 | D        | Found a burning altar of Makhleb.
   721 | D        | Found a shimmering altar of Xom.
   722 | D        | Found a hazy altar of Hepliaklqana.
   722 | D        | Found an opulent altar of Gozag.
   722 | D        | Found a sparkling altar of Nemelex Xobeh.
   722 | D        | Found a corrupted altar of Lugonu.
   722 | D        | Found a viscous altar of Jiyva.
   722 | D        | Noticed a spatial vortex
   727 | D        | Became a worshipper of Gozag Ym Sagoz the Greedy
   835 | D        | Found a basalt altar of Yredelemnul.
   835 | D        | Found a shadowy altar of Dithmenos.
   835 | D        | Found a sacrificial altar of Ru.
   850 | D        | Reached skill level 5 in Stealth
   921 | D        | Found a radiant altar of Vehumet.
   921 | D        | Found a shimmering blue altar of Sif Muna.
   921 | D        | Found an ancient bone altar of Kikubaaqudgha.
   925 | D        | Reached XP level 7. HP: 56/58 MP: 7/7
  1047 | D        | Found a glowing silver altar of Zin.
  1047 | D        | Found a glowing golden altar of the Shining One.
  1047 | D        | Found a white marble altar of Elyvilon.
  1048 | D        | Noticed a deep elf pyromancer
  1050 | D        | Killed a deep elf pyromancer
  1051 | D        | Reached skill level 14 in Long Blades
  1051 | D        | Reached XP level 8. HP: 67/67 MP: 8/8
  1063 | D        | Found a hide-covered altar of Uskayaw.
  1063 | D        | Found an iron altar of Okawaru.
  1063 | D        | Found a bloodstained altar of Trog.
  1063 | D        | Found an ornate altar of the Wu Jian Council.
  1074 | D        | Reached skill level 5 in Short Blades
  1085 | D        | Reached skill level 10 in Dodging
  1239 | D        | Reached skill level 15 in Long Blades
  1487 | D        | Noticed a two-headed ogre
  1490 | D        | Killed a two-headed ogre
  1491 | D        | Reached XP level 9. HP: 76/76 MP: 9/9
  1598 | D        | Noticed a two-headed ogre
  1598 | D        | Noticed Erolcha
  1611 | D        | Killed Erolcha
  1612 | D        | Reached skill level 10 in Stealth
  1624 | D        | Killed a two-headed ogre
  1625 | D        | Reached skill level 10 in Fighting
  1625 | D        | Reached skill level 16 in Long Blades
  1842 | D        | Noticed a wandering mushroom
  1847 | D        | Noticed a wandering mushroom
  1850 | D        | Noticed a wandering mushroom
  1879 | D        | Reached XP level 10. HP: 67/86 MP: 10/10
  1883 | D        | Learned a level 3 spell: Frozen Ramparts
  1940 | D        | Bought a glowing ring mail for 238 gold pieces
  1940 | D        | Bought a shiny ring mail for 238 gold pieces
  1951 | D        | Noticed a cane toad
  1951 | D        | Noticed a cane toad
  1960 | D        | Killed a cane toad
  1966 | D        | Killed a cane toad
  1977 | D        | Reached skill level 5 in Ice Magic
  2188 | D        | Mangled by a tyrant leech

Illustrated notes

Levels and vault maps discovered:
D:        dungeon_sprint_mu [sprint_mu_entry_cave, sprint_mu_temple_rooms,
          sprint_mu_d1_spiders, sprint_mu_d2_genie, sprint_mu_d3_branching,
          sprint_mu_orc_legion, sprint_mu_elf_gauntlet, sprint_mu_hive_nellie,
          sprint_mu_lair_fedhas, sprint_mu_vaults_butterflies,
          sprint_mu_slime_circle, sprint_mu_swamp_cave, sprint_mu_snake_twists,
          sprint_mu_blade_basic, sprint_mu_crypt_fortress,
          sprint_mu_tomb_spiral, sprint_mu_vestibule_basic,
          sprint_mu_gehenna_hellfire, sprint_mu_dis_giant,
          sprint_mu_tartarus_statrot, sprint_mu_cocytus_islands, sprint_mu_zot1]

Skill      XL: |  1  2  3  4  5  6  7  8  9 10 |
---------------+-------------------------------+-----
Long Blades    | 7 10 12 13 14 15 16 | 16.4
Fighting       | 4 6 7 9 10 | 10.7
Dodging        | 6 7 9 11 12 | 12.9
Stealth        | 4 6 7 9 11 | 11.3
Short Blades   | 4 7 9 |  9.4
Spellcasting   | 4 |  4.6
Ice Magic      | 5 |  5.6
Throwing       | |  2.0

Action                   |  1- 3 |  4- 6 |  7- 9 | 10-12 || total
-------------------------+-------+-------+-------+-------++-------
Melee: Long sword        |    34 |    37 |    97 |    35 ||   203
       Punch             |       |     1 |     3 |       ||     4
       Dagger            |       |       |     3 |     2 ||     5
       Tailslap          |       |       |     3 |     5 ||     8
Throw: Throwing net      |     5 |       |       |       ||     5
       Javelin           |       |       |       |     1 ||     1
 Cast: Frozen Ramparts   |       |       |       |     1 ||     1
Invok: Call Merchant     |       |       |       |     1 ||     1
  Use: Scroll            |       |     3 |     1 |       ||     4
       Potion            |       |     1 |     6 |     1 ||     8
 Stab: Held in net/web   |     2 |       |       |       ||     2
       Sleeping          |       |       |     2 |     1 ||     3
       Distracted        |       |       |     1 |       ||     1
Armor: Leather armour    |     3 |     1 |     3 |       ||     7
Dodge: Dodged            |    12 |    12 |    48 |    14 ||    86

Table legend: (Time is in decaauts)
 A = Elapsed time spent in this place.
 B = Non-inter-level travel time spent in this place.
 C = Inter-level travel time spent in this place.
 D = Time resting spent in this place.
 E = Time spent auto-exploring this place.
 F = Levels seen in this place.
 G = Mean time per level.
                   A        B        C        D        E       F      G
               +--------+--------+--------+--------+--------+-----+--------+
         Total |   2121 |   2121 |      0 |   1598 |     39 |   1 | 2121.0 |
       Dungeon |   2121 |   2121 |      0 |   1598 |     39 |   1 | 2121.0 |
               +--------+--------+--------+--------+--------+-----+--------+

Top non-repeatable levels by time:
       D: 2121 daAuts
